[Event "ICC tourney 1955 (60 10)"]
[Site "Internet Chess Club"]
[Date "2020.08.08"]
[Round "4"]
[White "ImmorTalChamp"]
[Black "kapilank"]
[Result "1-0"]
[ICCResult "Black resigns"]
[WhiteElo "1879"]
[BlackElo "1893"]
[Opening "Sicilian: dragon, Yugoslav attack, Rauser variation"]
[ECO "B76"]
[NIC "SI.17"]
[Time "12:06:40"]
[TimeControl "3600+10"]

1. e4 c5 2. Nf3 d6 3. d4 cxd4 4. Nxd4 Nf6 5. Nc3 g6 6. Be3 Bg7 7. f3 O-O 8.
Qd2 Nc6 9. O-O-O d5 10. Qe1 e6 11. h4 e5 12. Nxc6 bxc6 13. exd5 cxd5 14. Bg5
Qd6 15. Bxf6 Bxf6 16. Nxd5 Bg7 17. Bc4 Rb8 18. Bb3 Qc5 19. Qe2 Be6 20. Qc4
Rfc8 21. Qxc5 Rxc5 22. Nc3 Bxb3 23. axb3 f5 24. h5 Rbc8 25. hxg6 hxg6 26.
Kb1 e4 27. Nd5 Kf7 28. c4 Rb8 29. Kc2 exf3 30. gxf3 Re8 31. Rde1 Rcc8 32.
Nc3 Rcd8 33. Rxe8 Rxe8 34. Rf1 a6 35. b4 Rb8 36. Kb3 Bf8 37. Nd5 Bxb4 38.
Nxb4 a5 39. Kc3 axb4+ 40. Kd4 Ke6 41. b3 g5 42. Re1+ Kf6 43. Ke3 Re8+ 44.
Kf2 Rxe1 45. Kxe1 Ke5 46. Ke2 Kd4 47. Kf2 f4 48. Kg2 Ke5 49. Kh3 Kd4 50. Kg4
Kc5 51. Kxg5 {Black resigns} 1-0

[Event "ICC tourney 1955 (60 10)"]
[Site "Internet Chess Club"]
[Date "2020.08.08"]
[Round "4"]
[White "ThunderingFish"]
[Black "MysteryHunter"]
[Result "1-0"]
[ICCResult "Black checkmated"]
[WhiteElo "1921"]
[BlackElo "1675"]
[Opening "Réti: King's Indian attack (Barcza system)"]
[ECO "A07"]
[NIC "QP.09"]
[Time "12:06:48"]
[TimeControl "3600+10"]

1. Nf3 d5 2. g3 Nf6 3. Bg2 g6 4. O-O Bg7 5. d3 O-O 6. Nbd2 c6 7. e4 Nbd7 8.
Re1 e5 9. Nf1 Re8 10. Rb1 a5 11. a3 Qc7 12. Bd2 d4 13. c3 c5 14. Qc1 Qd6 15.
c4 Nf8 16. Nh4 Ne6 17. f4 Nd7 18. f5 Nef8 19. g4 f6 20. g5 fxg5 21. Bxg5 Bf6
22. Ng3 Bxg5 23. Qxg5 Qf6 24. Qg4 Qg7 25. Rf1 Nf6 26. Qe2 g5 27. Nf3 h6 28.
b4 N8d7 29. Qd2 axb4 30. axb4 b6 31. Ra1 Bb7 32. Rfb1 Bc6 33. Qb2 Qe7 34. b5
Bb7 35. Qd2 Qg7 36. Kh1 Kh8 37. Rg1 Rg8 38. Ra2 Rxa2 39. Qxa2 Ra8 40. Qd2
Qh7 41. Qb2 Qg8 42. Bf1 Qh7 43. Be2 Qg8 44. Qd2 Qh7 45. Bd1 Qg7 46. Qe2 Qh7
47. h3 Rg8 48. Nh2 Rf8 49. Qd2 Ra8 50. Ne2 Qxf5 51. Ng3 Qxh3 52. Be2 Qe6 53.
Bf3 Ng8 54. Nf5 Ne7 55. Ng3 Rf8 56. Bg4 Qd6 57. Nf3 Nf6 58. Bf5 Bc8 59. Bxc8
Rxc8 60. Qh2 Nh7 61. Ne2 Rg8 62. Nxe5 Qf6 63. Nd7 Qf3+ 64. Qg2 Qxg2+ 65.
Rxg2 Rg6 66. Ng3 Re6 67. Nh5 Kg8 68. Ra2 Kf7 69. Ra6 Nc8 70. Ra8 Re7 71.
Nxc5 bxc5 72. Rxc8 Rb7 73. Rxc5 Nf8 74. Ng3 Ne6 75. Rd5 Kg6 76. Nf5 Rb6 77.
Ne7+ Kf6 78. Nc6 Kg6 79. Rd6 Kf6 80. e5+ Kf7 81. Nd8+ Nxd8 82. Rxb6 h5 83.
Rh6 h4 84. Kg2 Ne6 85. Rf6+ Ke7 86. Rxe6+ Kxe6 87. b6 Kxe5 88. b7 Kf4 89.
b8=Q+ Ke3 90. Qb3 g4 91. Qc2 g3 92. Kh3 Kf3 93. c5 Kf4 94. c6 Kf3 95. c7 Ke3
96. c8=Q Kf3 97. Qg4+ Ke3 98. Qce2# {Black checkmated} 1-0

[Event "ICC tourney 1955 (60 10)"]
[Site "Internet Chess Club"]
[Date "2020.08.08"]
[Round "4"]
[White "pianopro32"]
[Black "town"]
[Result "1/2-1/2"]
[ICCResult "Game drawn by mutual agreement"]
[WhiteElo "2030"]
[BlackElo "2122"]
[Opening "Sicilian: Kan, Polugaievsky variation"]
[ECO "B42"]
[NIC "SI.42"]
[Time "12:06:30"]
[TimeControl "3600+10"]

1. e4 c5 2. Nf3 e6 3. d4 cxd4 4. Nxd4 a6 5. Bd3 Bc5 6. Nb3 Ba7 7. O-O Nc6 8.
Qe2 d6 9. Be3 b5 10. a4 b4 11. a5 Nge7 12. N1d2 Bxe3 13. Qxe3 O-O 14. Nc4
Rb8 15. Rad1 Qc7 16. f4 d5 17. exd5 exd5 18. Ne5 Nxa5 19. Qc5 Qxc5+ 20. Nxc5
Ra8 21. Ra1 Nc4 22. Nxc4 dxc4 23. Bxc4 a5 24. Rfe1 Ra7 25. Nb3 a4 26. Nd4
Rc7 27. Bd3 Nd5 28. g3 Bd7 29. Re5 Nb6 30. Kf2 Nc4 31. Bxc4 Rxc4 32. Ke3
Rfc8 33. Rd5 Be8 34. Nf5 Rb8 35. Kd3 Rc7 36. Nd6 Rd8 37. Rd1 a3 38. bxa3
bxa3 39. c4 Ba4 40. Ra1 Bb3 41. Rd4 a2 42. Kc3 Ba4 43. Rxa2 Bc6 44. Ra6 g6
45. Nb5 Bxb5 46. Rxd8+ Kg7 47. Raa8 Bxc4 48. Kd4 Be6 49. Re8 Kf6 50. Ra6
Rc4+ 51. Kd3 Rb4 52. Ke3 h5 53. Rd6 Kg7 54. Re7 Kf6 55. Rc7 Ra4 56. Rc2 Kg7
57. Rcd2 Kf6 58. Kf3 Kg7 59. R2d3 Bg4+ 60. Ke3 Be6 61. R6d4 Ra1 62. Rd2 Ra5
63. R4d3 Ra4 64. Rd4 Ra5 65. Ke4 Bf5+ 66. Ke3 Ra3+ 67. Kf2 Rb3 68. Kg2 Be6
69. R4d3 Rb4 70. h3 Bf5 71. Re3 Be6 72. Kh2 Ra4 73. Rf2 Rb4 74. Re1 Rb8 75.
Rg1 Rh8 76. Rd2 Kf6 77. Kg2 Rc8 78. Rh1 Rc5 79. Rhd1 Kg7 80. Kh2 Rc8 81. Rg1
Rh8 82. Rd3 Kf6 83. Rf3 Bg4 84. Rf2 Be6 {Game drawn by mutual agreement}
1/2-1/2

[Event "ICC tourney 1955 (60 10)"]
[Site "Internet Chess Club"]
[Date "2020.08.08"]
[Round "4"]
[White "smokyqueen"]
[Black "mdbgaccp"]
[Result "1/2-1/2"]
[ICCResult "Game drawn by repetition"]
[WhiteElo "1927"]
[BlackElo "1805"]
[Opening "Philidor's defense"]
[ECO "C41"]
[NIC "KP.10"]
[Time "12:06:20"]
[TimeControl "3600+10"]

1. e4 e5 2. Nf3 d6 3. c3 Nf6 4. Qc2 Be7 5. Bc4 O-O 6. d4 exd4 7. cxd4 Nc6 8.
a3 d5 9. exd5 Nxd5 10. Be3 Nxe3 11. fxe3 Bf6 12. Nc3 Re8 13. Qd3 Nxd4 14.
O-O-O Nxf3 15. Qxd8 Bxd8 16. gxf3 Bf5 17. e4 Bg5+ 18. Kc2 Be6 19. Bxe6 Rxe6
20. Rd7 Rc6 21. Rhd1 Kf8 22. Kb1 Ke8 23. R7d5 Be7 24. Rh5 h6 25. Rg1 Rg6 26.
Rxg6 fxg6 27. Rb5 b6 28. Kc2 Kd7 29. Kd3 c6 30. Rb3 Rf8 31. Ke3 Bd6 32. h3
Rf4 33. Kf2 g5 34. Ne2 Rf7 35. Rd3 Kc7 36. b4 Be5 37. Ke3 Rd7 38. Rb3 Rd1
39. Rd3 Rxd3+ 40. Kxd3 Kd6 41. a4 a6 42. Nc1 h5 43. Nb3 Bb2 44. Nd4 c5 45.
Nf5+ Kc6 46. Ne7+ Kd7 47. Nd5 cxb4 48. Nxb4 a5 49. Nd5 Kc6 50. Kc4 Be5 51.
Ne7+ Kd7 52. Nd5 Kc6 53. Ne7+ Kb7 54. Kd5 Bh2 55. Nf5 g6 56. Ne7 b5 57. axb5
Kb6 58. Kc4 a4 59. Nxg6 a3 60. Kb3 a2 61. Kxa2 Kxb5 62. Kb3 Kc5 63. Kc3 Bg1
64. Kd3 Kd6 65. Kc4 Ke6 66. Nf8+ Ke5 67. Nd7+ Ke6 68. Nc5+ Kd6 69. Nd3 Ke6
70. Kb5 Kd6 71. Kc4 Ke6 72. Kb5 Kd6 73. Kc4 Ke6 74. Kb5 Kd6 75. Kc4 Ke6
{Game drawn by repetition}
1/2-1/2

[Event "ICC tourney 1955 (60 10)"]
[Site "Internet Chess Club"]
[Date "2020.08.08"]
[Round "4"]
[White "cwelch231"]
[Black "Heliosis"]
[Result "1/2-1/2"]
[ICCResult "Game drawn by mutual agreement"]
[WhiteElo "1754"]
[BlackElo "1860"]
[Opening "QGD: Tarrasch, Prague variation, Normal position"]
[ECO "A46"]
[NIC "TD.04"]
[Time "12:06:46"]
[TimeControl "3600+10"]

1. d4 Nf6 2. Nf3 e6 3. g3 d5 4. Bg2 c5 5. O-O Nc6 6. c4 Be7 7. Nc3 O-O 8.
cxd5 exd5 9. dxc5 Bxc5 10. Bg5 d4 11. Ne4 Be7 12. Ned2 h6 13. Bf4 Bf5 14.
Ne5 Rc8 15. Nb3 Nxe5 16. Bxe5 d3 17. Nd4 dxe2 18. Qxe2 Bg4 19. Qd2 Qb6 20.
h3 Bd7 21. Rfd1 Rfd8 22. Qe2 Re8 23. Qd3 Red8 24. Qe2 Re8 25. Qd3 Red8 26.
b3 a6 27. Qf3 Bc6 28. Nxc6 Rxc6 29. Rxd8+ Bxd8 30. Qd3 Re6 31. Bd4 Qc7 32.
Rd1 Be7 33. Rd2 Re1+ 34. Kh2 b5 35. Rc2 Qd7 36. Qd2 Re6 37. Qc3 Rd6 38. Be3
Bf8 39. Bf4 Nd5 40. Qd4 Nxf4 41. Qxf4 Rd4 42. Qb8 Qd6 43. Qb7 Rd2 44. Rxd2
Qxd2 45. Qxa6 Qxf2 46. Qxb5 Qxa2 47. Qb8 Qa3 48. h4 Qb4 49. Qxb4 Bxb4 50.
Kh3 Kf8 51. Kg4 Ke7 52. Kf4 Bd6+ 53. Kf3 Ke6 54. g4 Ke5 55. Bf1 Bc5 56. Bc4
f6 57. h5 Bg1 58. Bd3 Bb6 59. b4 Ba7 60. b5 Bb6 61. Bf5 Bc5 62. Ke2 Kd4 63.
Kd2 Bb6 64. Kc2 Kc4 65. Bd7 Kd4 66. Kb3 Kd3 67. Kb4 Kd4 68. Be8 Bc7 69. Bc6
Bb6 70. Kb3 Bc7 71. Kc2 Ba5 72. Kd1 Ke3 73. Bd7 Bb6 74. Ke1 Ba5+ 75. Kf1 Kf3
76. Kg1 Bb6+ 77. Kh2 Bc7+ 78. Kh3 Bb6 79. Bc6+ Kf4 80. Bd7 Bc7 81. Kg2 Bb6
82. Kf1 Ke3 83. Ke1 Ba5+ 84. Kd1 Kd3 85. Bf5+ Kc3 86. Ke2 Kc4 87. Bd7 Kd4
88. Kf3 Bc7 89. b6 Bxb6 90. Kf4 Bc7+ 91. Kf5 Ke3 92. Kg6 Bf4 93. Kxg7 Bg5
94. Kf7 Kf4 95. Bc8 Ke5 {Game drawn by mutual agreement} 1/2-1/2

[Event "ICC tourney 1955 (60 10)"]
[Site "Internet Chess Club"]
[Date "2020.08.08"]
[Round "4"]
[White "JonSnow22897"]
[Black "checkninja"]
[Result "1/2-1/2"]
[ICCResult "White stalemated"]
[WhiteElo "2126"]
[BlackElo "1993"]
[Opening "Sicilian: Canal-Sokolsky (Nimzovich-Rossolimo, Moscow) attack"]
[ECO "B51"]
[NIC "SI.01"]
[Time "12:06:30"]
[TimeControl "3600+10"]

1. e4 c5 2. Nf3 d6 3. Bb5+ Nc6 4. O-O Bd7 5. Re1 Nf6 6. c3 a6 7. Bf1 Bg4 8.
h3 Bxf3 9. Qxf3 e6 10. Qg3 Nh5 11. Qg4 Nf6 12. Qe2 Be7 13. d3 O-O 14. g3 Rc8
15. Nd2 b5 16. a3 Nd7 17. Nf3 Bf6 18. Be3 Nde5 19. Nxe5 Nxe5 20. f4 Nc6 21.
Rad1 e5 22. f5 Re8 23. Qd2 h6 24. Qe2 Qe7 25. Rd2 Bg5 26. h4 Bxe3+ 27. Qxe3
b4 28. Rh2 bxc3 29. bxc3 Na5 30. g4 c4 31. Ree2 Qc7 32. d4 Nb3 33. d5 Qc5
34. g5 Qxe3+ 35. Rxe3 Kh7 36. Rg2 f6 37. gxf6 gxf6 38. Reg3 Rg8 39. Rxg8
Rxg8 40. Rxg8 Kxg8 41. Bxc4 Nc5 42. Kg2 Nxe4 43. Bxa6 Nxc3 44. Bb7 Kf7 45.
Bc6 Ke7 46. a4 Kd8 47. a5 Kc7 48. Kf3 Nd1 49. Ke2 Nb2 50. Bb5 e4 51. Kd2 Kb7
52. Kc3 Nd3 53. Kd4 Nc5 54. Ke3 Nb3 55. Kxe4 Nxa5 56. Kf4 Kb6 57. Be2 Kc5
58. Bf3 Nc4 59. Bg2 Kd4 60. Bh1 Ne3 61. Bf3 Nxd5+ 62. Kg4 Ne3+ 63. Kf4 d5
64. Be2 Ng2+ 65. Kg4 Ke3 66. Bf3 Nxh4 67. Bxd5 Kd4 68. Be6 Ng2 69. Kh5 Ke5
70. Kxh6 Nh4 71. Kh5 Nxf5 72. Bc8 Ng7+ 73. Kg4 Ne8 74. Kf3 Nd6 75. Bh3 Nf5
76. Bg4 Nd4+ 77. Ke3 Nc2+ 78. Kd2 Kf4 79. Bc8 Nd4 80. Kd3 Nf3 81. Ke2 Ne5
82. Be6 Nc6 83. Kf2 Nd4 84. Bd7 Nb3 85. Bc8 Nc5 86. Ke2 Ke4 87. Bh3 Nd3 88.
Bc8 Nf4+ 89. Kf2 Ke5 90. Kf3 Ne6 91. Bxe6 Kxe6 92. Ke4 f5+ 93. Kf4 Kf6 94.
Kf3 Ke5 95. Ke3 f4+ 96. Kf3 Kf5 97. Kf2 Ke4 98. Ke2 f3+ 99. Kf2 Kf4 100. Kf1
Ke3 101. Ke1 f2+ 102. Kf1 Kf3 {White stalemated} 1/2-1/2

[Event "ICC tourney 1955 (60 10)"]
[Site "Internet Chess Club"]
[Date "2020.08.08"]
[Round "4"]
[White "investigator"]
[Black "Kyle2007"]
[Result "1/2-1/2"]
[ICCResult "Game drawn because neither player has mating material"]
[WhiteElo "2081"]
[BlackElo "1975"]
[Opening "English: symmetrical, Botvinnik system reversed"]
[ECO "A37"]
[NIC "EO.28"]
[Time "12:06:22"]
[TimeControl "3600+10"]

1. c4 c5 2. Nf3 g6 3. g3 Bg7 4. Bg2 Nc6 5. Nc3 e5 6. O-O Nge7 7. d3 O-O 8.
a3 d6 9. Rb1 a5 10. Bg5 h6 11. Bxe7 Nxe7 12. Ne1 Nc6 13. Nc2 a4 14. b4 axb3
15. Rxb3 Nd4 16. Nxd4 cxd4 17. Nd5 Rb8 18. Qb1 f5 19. Rb6 Rf7 20. Qb4 Bf8
21. a4 Kg7 22. a5 Ra8 23. Rb1 Ra7 24. Qe1 Kh7 25. R1b5 Kg7 26. h3 Bd7 27.
Rb2 Bc6 28. Nb4 Bxg2 29. Kxg2 Qa8 30. Nd5 Rxa5 31. Rxb7 Rxb7 32. Rxb7+ Qxb7
33. Qxa5 g5 34. Qd8 Qf7 35. Qc7 Qxc7 36. Nxc7 Kf7 37. g4 Kg6 38. f3 h5 39.
Kf2 hxg4 40. hxg4 fxg4 41. fxg4 Kf6 42. Kf3 Be7 43. Ke4 Bd8 44. Nd5+ Ke6 45.
e3 dxe3 46. Nxe3 Bb6 47. Nf5 Bc5 48. Ng3 Bb6 49. Nf1 Bc5 50. Nd2 Bb6 51. Nf3
Bd8 52. d4 exd4 53. Nxd4+ Kd7 54. Kd5 Bf6 55. Nf5 Be7 56. Ng3 Bf6 57. Nf1
Bd8 58. Nd2 Bf6 59. Nb3 Be7 60. Na5 Bf6 61. Nb3 Be7 62. Nd2 Bf6 63. Ke4 Ke6
64. Nf3 Bd8 65. Nd4+ Kd7 66. Kf5 Bb6 67. Ne6 Be3 68. Nxg5 Kc6 69. Ne6 d5 70.
Nf4 dxc4 71. g5 c3 72. g6 Bxf4 73. g7 c2 74. g8=Q c1=Q 75. Qc8+ Bc7 76. Qe6+
Kb7 77. Qd5+ Ka6 78. Qa2+ Ba5 79. Qe6+ Bb6 80. Qe2+ Ka5 81. Qa2+ Kb4 82. Qe2
Qc5+ 83. Qe5 Qc8+ 84. Qe6 Qf8+ 85. Ke4 Qc5 86. Qd5 Qe3+ 87. Kf5 Qf2+ 88. Ke6
Qe3+ 89. Qe5 Qh6+ 90. Kd5 Qd2+ 91. Kc6 Bd4 92. Qb5+ Ka3 93. Qa6+ Kb3 94.
Qb5+ Kc2 95. Qc4+ Bc3 96. Qa2+ Bb2 97. Qc4+ Kb1 98. Qf1+ Bc1 99. Qb5+ Ka2
100. Qd5+ Qxd5+ 101. Kxd5
{Game drawn because neither player has mating material}
1/2-1/2

[Event "ICC tourney 1955 (60 10)"]
[Site "Internet Chess Club"]
[Date "2020.08.08"]
[Round "5"]
[White "kptl132"]
[Black "VincentT2008"]
[Result "1-0"]
[ICCResult "Black resigns"]
[WhiteElo "2050"]
[BlackElo "1854"]
[Opening "Scotch gambit: Dubois-Réti defense"]
[ECO "C55"]
[NIC "KP.02"]
[Time "15:20:54"]
[TimeControl "3600+10"]

1. e4 e5 2. Nf3 Nc6 3. Bc4 Nf6 4. d4 exd4 5. e5 d5 6. Bb5 Ne4 7. Nxd4 Bd7 8.
Bxc6 bxc6 9. O-O Bc5 10. Be3 Bb6 11. f3 Ng5 12. f4 Ne4 13. Nd2 Nxd2 14. Qxd2
O-O 15. Rae1 c5 16. Nf3 d4 17. Bf2 Bc6 18. f5 Bb5 19. Bh4 Qc8 20. f6 Bxf1
21. Qg5 g6 22. Qh6 {Black resigns} 1-0

[Event "ICC tourney 1955 (60 10)"]
[Site "Internet Chess Club"]
[Date "2020.08.08"]
[Round "5"]
[White "albertyao"]
[Black "kkhanna"]
[Result "1-0"]
[ICCResult "Black checkmated"]
[WhiteElo "1938"]
[BlackElo "1358"]
[Opening "Robatsch (modern) defense"]
[ECO "B07"]
[NIC "VO.17"]
[Time "15:20:12"]
[TimeControl "3600+10"]

1. e4 d6 2. d4 g6 3. Nc3 Bg7 4. Be3 a6 5. f3 b5 6. Qd2 Bb7 7. O-O-O Nd7 8.
g4 e6 9. h4 Ne7 10. h5 d5 11. h6 Bf8 12. Bd3 Nc8 13. exd5 Bxd5 14. Nxd5 exd5
15. f4 Ncb6 16. f5 c6 17. fxg6 hxg6 18. Bg5 Nf6 19. Re1+ Kd7 20. Qf4 Be7 21.
Nf3 Kc8 22. Rxe7 Qxe7 23. Bxf6 Qe8 24. Bxh8 Qxh8 25. Qe5 Qf8 26. h7 Kb7 27.
h8=Q Qb4 28. Qhf6 a5 29. Qfe7+ Ka6 30. Qxb4 axb4 31. Nd2 Kb7 32. Qe7+ Ka6
33. Nb3 Nc4 34. Nc5+ Kb6 35. Qb7+ Ka5 36. Qxa8+ Kb6 37. Qb7+ Ka5 38. Qa6#
{Black checkmated}
1-0

[Event "ICC tourney 1955 (60 10)"]
[Site "Internet Chess Club"]
[Date "2020.08.08"]
[Round "5"]
[White "nboad"]
[Black "Lukastico"]
[Result "0-1"]
[ICCResult "White resigns"]
[WhiteElo "1711"]
[BlackElo "1945"]
[Opening "French: King's Indian attack"]
[ECO "C00"]
[NIC "FR.02"]
[Time "15:20:25"]
[TimeControl "3600+10"]

1. e4 e6 2. d3 d5 3. Nd2 Nf6 4. Ngf3 c5 5. c3 Nc6 6. Qe2 Be7 7. e5 Nd7 8. g3
Qc7 9. d4 cxd4 10. cxd4 Nb4 11. Rb1 b6 12. Qe3 Nc2+ {White resigns} 0-1

[Event "ICC tourney 1955 (60 10)"]
[Site "Internet Chess Club"]
[Date "2020.08.08"]
[Round "5"]
[White "adchess"]
[Black "lemonoosa"]
[Result "1-0"]
[ICCResult "Black resigns"]
[WhiteElo "1796"]
[BlackElo "1964"]
[Opening "Queen's pawn game"]
[ECO "D04"]
[NIC "QP.08"]
[Time "15:21:08"]
[TimeControl "3600+10"]

1. d4 d5 2. Nf3 Nf6 3. e3 Bf5 4. c4 e6 5. cxd5 exd5 6. Nc3 c6 7. Nh4 Bc8 8.
Bd3 Be7 9. O-O O-O 10. Nf5 Bxf5 11. Bxf5 Nbd7 12. f3 Re8 13. e4 g6 14. Bh3
Qb6 15. e5 Nxe5 16. Na4 Qc7 17. Bf4 Bd6 18. dxe5 Bxe5 19. Bxe5 Qxe5 20. Qd2
d4 21. Rfe1 Qd5 22. b3 b5 23. Nb2 Red8 24. Nd3 Qd6 25. Rac1 Nd5 26. Nc5 Qf4
27. Qxf4 Nxf4 28. Bd7 d3 29. Rcd1 Ne2+ 30. Kf2 Nc3 31. Rxd3 Nxa2 32. Bxc6
Nb4 33. Rxd8+ Rxd8 34. Bxb5 Rd2+ 35. Re2 Rd5 36. Re8+ Kg7 37. Rc8 Rd2+ 38.
Be2 Rc2 39. Ke1 Rc1+ 40. Kd2 Rc2+ 41. Kd1 {Black resigns} 1-0

[Event "ICC tourney 1955 (60 10)"]
[Site "Internet Chess Club"]
[Date "2020.08.08"]
[Round "5"]
[White "sichuansy"]
[Black "Goran21"]
[Result "0-1"]
[ICCResult "White resigns"]
[WhiteElo "1908"]
[BlackElo "2103"]
[Opening "King's Indian: fianchetto with ...Nc6"]
[ECO "E62"]
[NIC "KI.73"]
[Time "15:20:01"]
[TimeControl "3600+10"]

1. Nf3 Nf6 2. c4 g6 3. g3 Bg7 4. Bg2 O-O 5. Nc3 d6 6. d4 Nc6 7. e4 e5 8. d5
Nd4 9. O-O Bg4 10. h3 Nxf3+ 11. Bxf3 Bxh3 12. Re1 h6 13. Be3 Qd7 14. Qd2 Ng4
15. Bg2 Bxg2 16. Kxg2 f5 17. f3 Nxe3+ 18. Qxe3 f4 19. Qf2 fxg3 20. Qxg3 Rf6
21. Rf1 Raf8 22. Ne2 g5 23. Qg4 Qf7 24. Ng3 Rf4 25. Qh5 Qf6 26. Nf5 Rxf5 27.
exf5 Qxf5 28. Qg4 Qg6 29. Rac1 b6 30. Qe4 Qe8 31. b3 Rf4 32. Qe2 Qg6 33. Qc2
Qh5 34. Qd3 g4 35. fxg4 Rxg4+ 36. Kf2 Qh4+ 37. Ke2 Re4+ 38. Kf3 Rd4 39. Qe3
Rf4+ 40. Kg2 Rg4+ 41. Kf3 Rg3+ 42. Ke2 Rxe3+ 43. Kxe3 Qg3+ 44. Ke2 e4 45.
Rcd1 Kh7 46. Rd2 Bc3 47. Rdd1 Qg2+ 48. Ke3 Be5 49. Rf7+ Kg6 50. Rdf1 Qxa2
{White resigns}
0-1

[Event "ICC tourney 1955 (60 10)"]
[Site "Internet Chess Club"]
[Date "2020.08.08"]
[Round "5"]
[White "kralj8"]
[Black "smokyqueen"]
[Result "1-0"]
[ICCResult "Black resigns"]
[WhiteElo "1805"]
[BlackElo "1865"]
[Opening "Ruy Lopez: Morphy defense"]
[ECO "C77"]
[NIC "RL.12"]
[Time "15:20:54"]
[TimeControl "3600+10"]

1. e4 e5 2. Nf3 Nc6 3. Bb5 a6 4. Ba4 Nf6 5. d4 b5 6. Bb3 Nxd4 7. Nxd4 exd4
8. e5 Qe7 9. O-O Ng8 10. c3 dxc3 11. Nxc3 Bb7 12. Bd5 c6 13. Ne4 cxd5 14.
Nd6+ Kd8 15. Qd4 Kc7 16. Be3 Kb8 17. Qb6 {Black resigns} 1-0

[Event "ICC tourney 1955 (60 10)"]
[Site "Internet Chess Club"]
[Date "2020.08.08"]
[Round "5"]
[White "Sahabangs"]
[Black "JadenShaw"]
[Result "0-1"]
[ICCResult "White resigns"]
[WhiteElo "1436"]
[BlackElo "1802"]
[Opening "French: Tarrasch, open variation"]
[ECO "C07"]
[NIC "FR.18"]
[Time "15:21:11"]
[TimeControl "3600+10"]

1. e4 e6 2. d4 d5 3. Nd2 c5 4. c3 Nc6 5. Ngf3 cxd4 6. cxd4 dxe4 7. Nxe4 Nf6
8. Nxf6+ gxf6 9. Be3 Bg7 10. Bb5 Qa5+ 11. Qd2 Qxb5 12. Rc1 b6 13. Bh6 Bxh6
14. Qxh6 Ba6 15. Qe3 Nb4 16. Kd2 Qd3+ 17. Qxd3 Nxd3 18. Rc7 Nxf2 19. Rhc1
Ne4+ 20. Ke3 Nd6 21. b4 O-O 22. a4 Rfc8 23. b5 Rxc7 24. Rxc7 Bb7 25. Nh4 Rb8
26. Kd3 Kf8 27. Rd7 Nf5 28. Nxf5 exf5 29. g3 Be4+ 30. Ke3 Rb7 31. Rd8+ Kg7
32. g4 Bc2 33. gxf5 Bxa4 34. Rd5 Bb3 35. Rd6 Bc4 {White resigns} 0-1

[Event "ICC tourney 1955 (60 10)"]
[Site "Internet Chess Club"]
[Date "2020.08.08"]
[Round "5"]
[White "Singireddy"]
[Black "carlsthe1"]
[Result "1/2-1/2"]
[ICCResult "Game drawn by mutual agreement"]
[WhiteElo "1999"]
[BlackElo "2077"]
[Opening "Sicilian: Alapin's variation (2.c3)"]
[ECO "B22"]
[NIC "SI.46"]
[Time "15:20:53"]
[TimeControl "3600+10"]

1. e4 c5 2. c3 d5 3. exd5 Qxd5 4. d4 Nc6 5. Nf3 e5 6. Nxe5 Nxe5 7. dxe5
Qxe5+ 8. Be2 Bd7 9. Nd2 O-O-O 10. O-O Nf6 11. Bf3 Bd6 12. g3 Be6 13. Qa4 Kb8
14. Nc4 Qf5 15. Nxd6 Qxf3 16. Bf4 Ka8 17. Nb5 a6 18. Nc7+ Ka7 19. Nb5+
{Game drawn by mutual agreement}
1/2-1/2

[Event "ICC tourney 1955 (60 10)"]
[Site "Internet Chess Club"]
[Date "2020.08.08"]
[Round "5"]
[White "GutsyEdge"]
[Black "Yucheng"]
[Result "1-0"]
[ICCResult "Black resigns"]
[WhiteElo "2070"]
[BlackElo "1842"]
[Opening "QGD: Chigorin defense"]
[ECO "D07"]
[NIC "QP.08"]
[Time "15:21:14"]
[TimeControl "3600+10"]

1. d4 d5 2. c4 Nc6 3. Nc3 Nf6 4. Nf3 dxc4 5. d5 Nb8 6. e4 c6 7. Bxc4 cxd5 8.
Nxd5 Nxd5 9. exd5 Nd7 10. O-O Nb6 11. Bb3 g6 12. Qd4 f6 13. Re1 Bf5 14. Qxf6
Rg8 15. d6 e6 16. Rxe6+ Bxe6 17. Qxe6+ Be7 18. Qxg8+ Kd7 19. Qe6+ Ke8 20.
Qxe7+ Qxe7 21. dxe7 Kxe7 22. Bg5+ Kf8 {Black resigns} 1-0

[Event "ICC tourney 1955 (60 10)"]
[Site "Internet Chess Club"]
[Date "2020.08.08"]
[Round "5"]
[White "pbalaji2008"]
[Black "Mozart1"]
[Result "0-1"]
[ICCResult "White checkmated"]
[WhiteElo "1665"]
[BlackElo "1881"]
[Opening "Giuoco Piano"]
[ECO "C50"]
[NIC "IG.02"]
[Time "15:21:08"]
[TimeControl "3600+10"]

1. e4 e5 2. Nf3 Nc6 3. Bc4 Bc5 4. O-O Nf6 5. d4 Bxd4 6. Nxd4 Nxd4 7. f4 d6
8. fxe5 dxe5 9. Bg5 Qe7 10. c3 Ne6 11. Bxe6 Bxe6 12. Bxf6 gxf6 13. Qf3 O-O-O
14. Qxf6 Qd6 15. Na3 Rhg8 16. Qf3 Qb6+ 17. Qf2 Rd2 18. Rab1 Bh3 19. Nc4
Rxg2+ 20. Kh1 Qxf2 21. Rxf2 Rdxf2 22. Ne3 Rxh2+ 23. Kg1 Rxb2 24. Rd1 Rhe2
25. Nd5 Rg2+ 26. Kh1 Rh2+ 27. Kg1 Rbg2+ 28. Kf1 Rh1# {White checkmated} 0-1

[Event "ICC tourney 1955 (60 10)"]
[Site "Internet Chess Club"]
[Date "2020.08.08"]
[Round "5"]
[White "Kiwiinoz"]
[Black "KylanHuang"]
[Result "1/2-1/2"]
[ICCResult "Game drawn by repetition"]
[WhiteElo "2048"]
[BlackElo "1891"]
[Opening "Evans gambit: Cordel variation"]
[ECO "C51"]
[NIC "IG.05"]
[Time "15:20:37"]
[TimeControl "3600+10"]

1. e4 e5 2. Nf3 Nc6 3. Bc4 Bc5 4. b4 Bxb4 5. c3 Be7 6. d4 Na5 7. Nxe5 Nxc4
8. Nxc4 d5 9. exd5 Qxd5 10. Ne3 Qd8 11. Ba3 Nf6 12. Bxe7 Qxe7 13. Qa4+ Bd7
14. Qa3 Qxa3 15. Nxa3 O-O 16. O-O Be6 17. Nac4 Bxc4 18. Nxc4 c5 19. dxc5
Rac8 20. Nd6 Rxc5 21. Nxb7 Rxc3 22. Rac1 Rfc8 23. Rxc3 Rxc3 24. f3 Rc2 25.
Rf2 Rc1+ 26. Rf1 Rc2 27. Rf2 Rc1+ 28. Rf1 Rc2 {Game drawn by repetition}
1/2-1/2

[Event "ICC tourney 1955 (60 10)"]
[Site "Internet Chess Club"]
[Date "2020.08.08"]
[Round "5"]
[White "hursha6b5"]
[Black "kwen2008"]
[Result "1-0"]
[ICCResult "Black checkmated"]
[WhiteElo "1928"]
[BlackElo "1678"]
[Opening "Ruy Lopez: Morphy defense"]
[ECO "C77"]
[NIC "RL.12"]
[Time "15:26:17"]
[TimeControl "3600+10"]

1. e4 e5 2. Nf3 Nc6 3. Bb5 a6 4. Ba4 Nf6 5. d4 exd4 6. O-O b5 7. Bb3 d5 8.
exd5 Nxd5 9. Nxd4 Nxd4 10. Qxd4 Be6 11. Re1 c6 12. Nc3 Nxc3 13. Qxc3 Qd7 14.
Bg5 c5 15. Rad1 Qc6 16. Bd5 Qc8 17. Bxa8 Qxa8 18. Rd8+ Qxd8 19. Bxd8 Kxd8
20. Qa5+ Ke8 21. Qxa6 Be7 22. Qxb5+ Kd8 23. Qb8+ Bc8 24. Rd1+ Ke8 25. Qxc8+
Bd8 26. Qxd8# {Black checkmated} 1-0

[Event "ICC tourney 1955 (60 10)"]
[Site "Internet Chess Club"]
[Date "2020.08.08"]
[Round "5"]
[White "salamenceg"]
[Black "geowhiz27"]
[Result "1-0"]
[ICCResult "Black checkmated"]
[WhiteElo "1096"]
[BlackElo "1754"]
[Opening "French: Tarrasch, Guimard main line"]
[ECO "C04"]
[NIC "FR.15"]
[Time "15:20:49"]
[TimeControl "3600+10"]

1. e4 e6 2. d4 d5 3. Nd2 Nc6 4. Ngf3 Nf6 5. e5 Nd7 6. Nb3 f6 7. exf6 Qxf6 8.
Bg5 Qf7 9. Bd3 Bd6 10. Qd2 a5 11. Qe2 O-O 12. O-O-O Nb4 13. Kb1 c5 14. dxc5
Nxc5 15. Nxc5 Bxc5 16. Be3 b6 17. Bxh7+ Kh8 18. Ng5 Qf6 19. Qh5 Qh6 20. Nf7+
Rxf7 21. Bxh6 Rxf2 22. Bg5 Bd7 23. Bg6+ Kg8 24. Qh7+ Kf8 25. Qh8#
{Black checkmated}
1-0

[Event "ICC tourney 1955 (60 10)"]
[Site "Internet Chess Club"]
[Date "2020.08.08"]
[Round "5"]
[White "Willixm"]
[Black "Vish1080"]
[Result "0-1"]
[ICCResult "White resigns"]
[WhiteElo "1826"]
[BlackElo "1685"]
[Opening "Sicilian: Labourdonnais-Löwenthal (Kalashnikov) variation"]
[ECO "B32"]
[NIC "SI.32"]
[Time "15:20:38"]
[TimeControl "3600+10"]

1. e4 c5 2. Nf3 Nc6 3. d4 cxd4 4. Nxd4 e5 5. Nb5 d6 6. N1c3 a6 7. Na3 Be7 8.
Nd5 Nf6 9. Be3 Nxd5 10. exd5 Nb8 11. Nc4 Nd7 12. a4 O-O 13. Bd3 f5 14. a5 f4
15. Bb6 Nxb6 16. Nxb6 Rb8 17. Ra3 Bf5 18. Bxf5 Rxf5 19. Qg4 Rg5 20. Qe6+ Kh8
21. Rh3 Bf6 22. Nd7 Rc8 23. Nxf6 gxf6 24. c3 Rc7 25. Rh6 Kg7 26. h4 Rxg2 27.
Rh5 Qd7 28. Ke2 Qxe6 29. dxe6 Kg6 30. Kf3 Kxh5 31. Kxg2 Re7 32. Kf3 f5 33.
Rg1 Kxh4 34. b4 d5 35. Rd1 Rxe6 36. Rh1+ Kg5 37. Rxh7 e4+ 38. Ke2 f3+ 39.
Ke3 f4+ 40. Kd4 e3 41. Rh1 exf2 42. Rf1 Re2 43. Kxd5 Kg4 44. c4 Kg3 45. c5
Re1 46. Rxf2 Kxf2 47. b5 axb5 48. c6 bxc6+ 49. Kxc6 Ra1 {White resigns} 0-1